 Dungeon Crawl Stone Soup version 0.20.1-1-g8b1a95d (webtiles) character file.

578 NoNouf the Ducker (level 7, -1/55 HPs)
             Began as a Human Monk on Aug 13, 2017.
             Slain by a sky beast (2 damage)
             ... on level 4 of the Dungeon.
             The game lasted 00:28:32 (5333 turns).

NoNouf the Ducker (Human Monk)                      Turns: 5333, Time: 00:28:33

Health: -1/55      AC:  2    Str: 18    XL:     7   Next: 62%
Magic:  7/7        EV: 16    Int: 10    God:
Gold:   157        SH:  3    Dex: 16    Spells: 6/6 levels left

rFire    . . .     SeeInvis .   q - +2 long sword (elec)
rCold    . . .     Gourm    .   (no shield)
rNeg     . . .     Faith    .   b - +0 robe
rPois    .         Spirit   .   (no helmet)
rElec    .         Reflect  +   (no cloak)
rCorr    .         Harm     .   (no gloves)
MR       .....                  (no boots)
Stlth    ++........             h - +3 amulet of reflection
Regen    0.2/turn               m - +5 ring of strength
MPRegen  0.1/turn               (no ring)

@: no status effects
A: no striking features
a: no special abilities


You were on level 4 of the Dungeon.
You were not hungry.

You visited 1 branch of the dungeon, and saw 4 of its levels.

You collected 157 gold pieces.

Inventory:

Hand Weapons
 q - a +2 long sword of electrocution (weapon)
 u - a +0 hunting sling
Missiles
 f - 151 stones (quivered)
 j - 67 arrows
 s - 25 sling bullets
Armour
 b - a +0 robe (worn)
Jewellery
 h - a +3 amulet of reflection (around neck)
 l - an uncursed amulet of guardian spirit {unknown}
 m - a +5 ring of strength (left hand)
Wands
 e - a wand of digging (12/24)
Scrolls
 g - 2 scrolls of recharging
 i - 3 scrolls of teleportation {unknown}
 n - a scroll of random uselessness {unknown}
 p - 3 scrolls of remove curse
 t - 3 scrolls of identify
Comestibles
 a - 5 chunks of flesh
 c - 2 bread rations
 d - 4 fruits
 k - 2 meat rations
 r - a royal jelly


   Skills:
 - Level 4.5 Fighting
 + Level 5.5 Long Blades
 - Level 1.0 Slings
 + Level 5.6 Dodging
 - Level 2.0 Stealth


You had 6 spell levels left.
You didn't know any spells.

Dungeon Overview and Level Annotations

Branches:
Dungeon (4/15)
 Temple: D:4-7

Altars:
Cheibriados
Elyvilon
Nemelex Xobeh
Vehumet
Yredelemnul

Annotations:
D:3 2 transporters, broninjaking's ghost, amateur DsGl
D:4 Pikel


Message History

You are too injured to fight recklessly!
You hit the sky beast.
The sky beast is moderately wounded.
The sky beast hits you.
* * * LOW HITPOINT WARNING * * *
The sky beast shocks you.
* * * LOW HITPOINT WARNING * * *
You completely miss the sky beast.
The sky beast is moderately wounded.
The sky beast barely misses you. The sky beast hits you.
* * * LOW HITPOINT WARNING * * *
The sky beast shocks you.
* * * LOW HITPOINT WARNING * * *
You slash the sky beast!
The sky beast is heavily wounded.
The sky beast hits you but does no damage.
You slash the sky beast!
The sky beast is almost dead.
The sky beast hits you.
You die...

..##.#.#.#####.#..#
#.##>#.........#..#
#.##.#...#####.#..#
.....#.#.#...# #..#
..####.#.#.#.# #..#
### #.#.#.#§# #..#
## #.#.#.#.§ #..## .
.###.#.#.#####...#
.. ......#.....Y@..#
.. ...#.#.#####...#
..###.<#.#.#...#..)#
.........#.#.#.#...#
.........#.#.#.#...#
.........#...#.#...#
......##.#####.#..##
.....###.[.....#..#
....[# #.#####.#..#


You could see a sky beast.

Vanquished Creatures
  Duvessa (D:4)
  3 slaves (D:4)
  An eye of draining (D:4)
  Dowan (D:3)
  3 hounds (D:4)
  An orc wizard (D:3)
  A worker ant (D:4)
  A gnoll (D:1)
  4 adders
  2 oozes (D:3)
  3 worms
  2 dart slugs
  4 leopard geckos
  21 orcs
  A ball python (D:2)
  11 giant cockroaches
  8 goblins
  7 hobgoblins
  6 jackals
  9 kobolds
  9 bats
  5 frilled lizards
  6 rats
110 creatures vanquished.

Vanquished Creatures (others)
  A slave (D:3)
  2 plants (D:3)
3 creatures vanquished.

Grand Total: 113 creatures vanquished

Notes
Turn   | Place    | Note
-------+----------+-------------------------------------------
     0 | D:1      | NoNouf the Human Monk began the quest for the Orb.
     0 | D:1      | Reached XP level 1. HP: 18/18 MP: 1/1
   185 | D:1      | Reached XP level 2. HP: 21/24 MP: 2/2
   504 | D:1      | Reached XP level 3. HP: 22/29 MP: 3/3
  1905 | D:2      | Found a white marble altar of Elyvilon.
  1915 | D:2      | Reached XP level 4. HP: 28/37 MP: 4/4
  2009 | D:2      | Found a snail-covered altar of Cheibriados.
  2009 | D:2      | Found a radiant altar of Vehumet.
  2050 | D:2      | Found a sparkling altar of Nemelex Xobeh.
  2562 | D:3      | Noticed broninjaking's ghost (amateur DsGl)
  3059 | D:3      | Found a faded altar of an unknown god.
  3066 | D:3      | Reached XP level 5. HP: 42/42 MP: 5/5
  3244 | D:3      | Found a basalt altar of Yredelemnul.
  3714 | D:3      | Found a transporter.
  3807 | D:3      | Reached skill level 1 in Slings
  3940 | D:3      | Found a transporter.
  4008 | D:3      | Reached XP level 6. HP: 49/49 MP: 6/6
  4586 | D:4      | Noticed Duvessa
  4586 | D:4      | Noticed a slave
  4587 | D:4      | Noticed a slave
  4594 | D:4      | Noticed Dowan
  4595 | D:4      | Noticed Pikel
  4595 | D:4      | Noticed a slave
  4602 | D:4      | Killed Duvessa
  4602 | D:4      | Reached skill level 5 in Dodging
  4625 | D:3      | Killed a slave
  4626 | D:3      | Killed Dowan
  4626 | D:3      | Reached XP level 7. HP: 12/55 MP: 7/7
  5203 | D:4      | Reached skill level 5 in Long Blades
  5331 | D:4      | HP: 1/55 [sky beast (6)]
  5333 | D:4      | Slain by a sky beast

Skill      XL: |  1  2  3  4  5  6  7 |
---------------+----------------------+-----
Dodging        | 4 5 |  5.6
Fighting       | 4 |  4.5
Slings         | 1 |  1.0
Long Blades    | 4 5 |  5.5
Stealth        | |  2.0

Action                   |  1- 3 |  4- 6 |  7- 9 || total
-------------------------+-------+-------+-------++-------
Melee: Falchion          |   133 |    92 |       ||   225
       Long sword        |       |    64 |    38 ||   102
 Fire: Hunting sling     |       |    65 |    13 ||    78
Throw: Stone             |     7 |     3 |       ||    10
  Use: Scroll            |     3 |     4 |       ||     7
       Potion            |       |     9 |     1 ||    10
 Stab: Sleeping          |     3 |     5 |       ||     8
       Distracted        |     1 |     1 |       ||     2
  Eat: Chunk             |     3 |     9 |     2 ||    14
Armor: Robe              |    17 |    20 |     4 ||    41
Dodge: Dodged            |    98 |   126 |    17 ||   241
Block: Other             |     3 |    24 |     1 ||    28
       Rpst.: Falchion   |    31 |    25 |       ||    56
       Long sword        |       |    16 |     5 ||    21
